 Dungeon Crawl Stone Soup version 0.25.1-2-g60ff931df9 (webtiles) character file.

Game seed: 1139029415535289453

34 gruber the Poker (level 3, -2/29 HPs)
             Began as a Demigod Skald on Sept 14, 2020.
             Slain by an orc priest
             ... wielding a +0 mace of holy wrath
              (5 damage)
             ... on level 3 of the Dungeon.
             The game lasted 00:01:17 (1194 turns).

gruber the Poker (Demigod Skald)                    Turns: 1194, Time: 00:01:18

Health: -2/29      AC:  3    Str: 14    XL:     3   Next: 1%
Magic:  0/8        EV: 12    Int: 19    God:
Gold:   75         SH:  0    Dex: 15    Spells: 2/5 levels left

rFire    . . .     SeeInvis .   a - +0 spear
rCold    . . .     Gourm    .   (no shield)
rNeg     + . .     Faith    .   b - +0 leather armour
rPois    .         Spirit   .   (no helmet)
rElec    .         Reflect  .   (no cloak)
rCorr    .         Harm     .   (no gloves)
MR       .....                  (no boots)
Stlth    +.........             (no amulet)
HPRegen  0.09/turn              f - ring of positive energy
MPRegen  0.11/turn              (no ring)

@: infused, singing
A: high mp 1
a: no special abilities


You were on level 3 of the Dungeon.
You were not hungry.

You visited 1 branch of the dungeon, and saw 3 of its levels.

You collected 75 gold pieces.

Inventory:

Hand Weapons
 a - a +0 spear (weapon)
Armour
 b - a +0 leather armour (worn)
Jewellery
 f - a ring of positive energy (left hand)
 k - an uncursed amulet of guardian spirit {unknown}
Scrolls
 e - a scroll of immolation {unknown}
 h - a scroll of magic mapping {unknown}
 i - 2 scrolls of amnesia {unknown}
 j - a scroll of identify {unknown}
Potions
 c - 3 potions of might {unknown}
 g - a potion of degeneration {unknown}
 m - 2 potions of flight {unknown}
Comestibles
 d - 4 rations


   Skills:
 - Level 1.7 Fighting
 + Level 3.3 Polearms
 - Level 0.8 Armour
 - Level 1.7 Dodging
 - Level 1.7 Spellcasting
 - Level 2.6 Charms


You had 2 spell levels left.
You knew the following spells:

 Your Spells              Type           Power        Failure   Level  Hunger
a - Infusion              Chrm           ##..         7%          1    #......
b - Song of Slaying       Chrm           ##......     11%         2    ###....

Your spell library contained the following spells:

 Spells                   Type           Power        Failure   Level  Hunger
 Shroud of Golubria       Chrm/Tloc      #.....       19%         2    ###....
 Ozocubu's Armour         Chrm/Ice       #.......     36%         3    ###....
 Spectral Weapon          Hex/Chrm       #.......     36%         3    ###....


Dungeon Overview and Level Annotations

Branches:
Dungeon (3/15)


Innate Abilities, Weirdness & Mutations

You have an increased reservoir of magic. (+10% MP)


Message History

Press: ? - help, Dir - move target cursor, f/p - orc priest
Aim: an orc priest, wielding a +0 mace of holy wrath and wearing a +0 ring mail (heavily wounded)
You hit the orc priest.
The orc priest is severely wounded.
The orc priest hits you but does no damage.
Unknown command.
Unknown command.
Attack whom?
Press: ? - help, Dir - move target cursor, f/p - orc priest
Aim: an orc priest, wielding a +0 mace of holy wrath and wearing a +0 ring mail (severely wounded)
You hit the orc priest.
The orc priest is almost dead.
Unknown command.
Attack whom?
Press: ? - help, Dir - move target cursor, f/p - orc priest
Aim: an orc priest, wielding a +0 mace of holy wrath and wearing a +0 ring mail (almost dead)
You hit the orc priest but do no damage.
The orc priest is almost dead.
The orc priest hits you with a +0 mace of holy wrath.
You die...

#......#
#.######
#.# #.# ..
#.# ..###
#.# ....
#.# ...)###
#########.#
# #..#.#
#.oo@.....#
...#..#.#
#.#########
._oo....#
#.#
#..###.#
#..))..#
#.###### #.
.. ###


You could see an orc priest and an orc.

Vanquished Creatures
  An ooze (D:1)
  A dart slug (D:1)
  A leopard gecko (D:1)
  2 orcs (D:3)
  A ball python (D:1)
  3 goblins (D:1)
  A hobgoblin (D:1)
  2 jackals (D:3)
  4 kobolds
  4 bats (D:1)
  3 frilled lizards (D:1)
  A rat (D:1)
24 creatures vanquished.

Notes
Turn   | Place    | Note
-------+----------+-------------------------------------------
     0 | D:1      | gruber the Demigod Skald began the quest for the Orb.
     0 | D:1      | Reached XP level 1. HP: 17/17 MP: 5/5
    16 | D:1      | Reached skill level 2 in Polearms
   201 | D:1      | Reached XP level 2. HP: 16/24 MP: 0/7
   350 | D:1      | Learned a level 2 spell: Song of Slaying
   874 | D:1      | Reached skill level 3 in Polearms
   999 | D:2      | You fall into a shaft and drop 1 floor!
  1116 | D:3      | Found an opulent altar of Gozag.
  1181 | D:3      | Reached XP level 3. HP: 24/29 MP: 0/8
  1194 | D:3      | Slain by an orc priest

Illustrated notes

Levels and vault maps discovered:
D:1:      dpeg_arrival_shelter, layout_basic
D:2:      layout_loops_corners, lemuel_doored_altar, minmay_misc_feat_rows
D:3:      layout_basic, okawaru_trees_1, nicolae_overflow_crystal_walls,
          makhleb_heckhound_becter

Skill      XL: |  1  2 |
---------------+-------+-----
Polearms       | 2 3 |  3.3
Fighting       | |  1.7
Armour         | |  0.8
Dodging        | |  1.7
Spellcasting   | |  1.7
Charms         | |  2.6

Action                   || total
-------------------------++-------
Melee: Spear             ||    92
 Cast: Infusion          ||    12
       Song of Slaying   ||     3
 Stab: Sleeping          ||     1
  Eat: Chunk             ||     1
Armor: Leather armour    ||    14
Dodge: Dodged            ||    37
